 Dungeon Crawl Stone Soup version 0.19.5 (webtiles) character file.

109 EvilAshe the Bolt Thrower (level 5, -5/31 HPs)
             Began as a Kobold Hunter on Apr 23, 2017.
             Slain by a sky beast (6 damage)
             ... on level 3 of the Dungeon.
             The game lasted 00:08:14 (2336 turns).

EvilAshe the Bolt Thrower (Kobold Hunter)           Turns: 2336, Time: 00:08:14

Health: -5/31      AC:  6    Str: 10    XL:     5   Next: 13%
Magic:  5/5        EV: 15    Int: 12    God:
Gold:   99         SH:  0    Dex: 16    Spells: 0 memorised, 4 levels left

rFire  . . .     SeeInvis .     a - +1 hand crossbow
rCold  . . .     Gourm    .     c - +0 leather armour
rNeg   . . .     Faith    .     (shield restricted)
rPois  .         Spirit   .     l - +1 helmet
rElec  .         Reflect  .     (no cloak)
rCorr  .         Harm     .     (no gloves)
MR     .....                    p - +0 pair of boots
Stlth  ++........               (no amulet)
                                (no ring)
                                (no ring)

@: no status effects
A: carnivore 3
a: no special abilities


You were on level 3 of the Dungeon.
You were completely stuffed.

You visited 1 branch of the dungeon, and saw 3 of its levels.

You collected 99 gold pieces.

Inventory:

Hand Weapons
 a - a +1 hand crossbow (weapon)
 b - a +0 short sword
Missiles
 d - 7 bolts (quivered)
Armour
 c - a +0 leather armour (worn)
 l - a +1 helmet (worn)
 p - a +0 pair of boots (worn)
Jewellery
 k - an uncursed amulet of harm {unknown}
 t - an uncursed ring of flight {unknown}
 w - a +3 amulet of reflection {unknown}
Scrolls
 n - a scroll of identify
Potions
 e - a potion of brilliance {unknown}
 g - 2 potions of curing
 h - 2 potions of invisibility {unknown}
 i - a potion of cure mutation {unknown}
 j - a potion of degeneration {unknown}
 o - a potion of cancellation {unknown}
Comestibles
 f - a meat ration
 m - 4 chunks of flesh
 q - a royal jelly
 u - 2 slices of pizza
 z - 2 beef jerkies


   Skills:
 + Level 2.6 Fighting
 * Level 6.2 Crossbows
 + Level 3.3 Dodging
 + Level 2.9 Stealth


You had 4 spell levels left.
You didn't know any spells.

Dungeon Overview and Level Annotations

Branches:
Dungeon (3/15)

Altars:
Kikubaaqudgha
Trog

Annotations:
D:2 Robin


Innate Abilities, Weirdness & Mutations

You are small and have problems with some larger weapons.
You are carnivorous and can eat meat at any time.


Message History

Moving in this stuff is going to be slow.
A sky beast appears from thin air!
Reactivating autopickup.
The sky beast flickers out of sight!
Deactivating autopickup; reactivate with Ctrl-A.
A sky beast appears from thin air!
Reactivating autopickup.
You see here 25 stones.
The sky beast flickers out of sight!
Deactivating autopickup; reactivate with Ctrl-A.
You enter the shallow water.
Moving in this stuff is going to be slow.
Something hits you.
* * * LOW HITPOINT WARNING * * *
Something shocks you.
* * * LOW HITPOINT WARNING * * *
Something hits you.
* * * LOW HITPOINT WARNING * * *
Something shocks you.
You die...

#......# #
###...........#......####
.........................
#.......................
#....................... #
#.......................
#.##.......................
...........................
#......@................
#.#.#####K#.............
#.##.#.#####≈#.............
...
<.........(..(#.............
...
############..#.............
... ##....## #..#.............
#.##......####..##############
#..........##...#
#.#.......(###..#


You could see a kobold.

Vanquished Creatures
  A crimson imp (D:3)
  An adder (D:3)
  An ooze (D:2)
  2 dart slugs (D:1)
  A leopard gecko (D:2)
  6 bats
  12 giant cockroaches
  4 goblins
  6 hobgoblins
  6 jackals (D:1)
  3 kobolds (D:1)
  A quokka (D:2)
  5 frilled lizards
  2 rats
51 creatures vanquished.

Notes
Turn   | Place    | Note
-------+----------+-------------------------------------------
     0 | D:1      | EvilAshe the Kobold Hunter began the quest for the Orb.
     0 | D:1      | Reached XP level 1. HP: 12/12 MP: 1/1
   126 | D:1      | Reached skill level 5 in Crossbows
   207 | D:1      | Reached XP level 2. HP: 18/18 MP: 2/2
   532 | D:1      | Reached XP level 3. HP: 21/22 MP: 3/3
  1224 | D:2      | Found an ancient bone altar of Kikubaaqudgha.
  1376 | D:2      | Found a bloodstained altar of Trog.
  1818 | D:2      | Noticed Robin
  1837 | D:2      | Reached XP level 4. HP: 25/27 MP: 4/4
  2060 | D:3      | Reached skill level 6 in Crossbows
  2134 | D:3      | Reached XP level 5. HP: 31/31 MP: 5/5
  2242 | D:3      | Noticed a sky beast
  2333 | D:3      | HP: 1/31 [something (5)]
  2336 | D:3      | Slain by a sky beast

Skill      XL: |  1  2  3  4 |
---------------+-------------+-----
Crossbows      | 5 6 |  6.2
Stealth        | 2 |  2.9
Dodging        | 3 |  3.3
Fighting       | |  2.6

Action                   |  1- 3 |  4- 6 || total
-------------------------+-------+-------++-------
Melee: Short sword       |    66 |   136 ||   202
       Whip              |    42 |       ||    42
 Fire: Hand crossbow     |    36 |    22 ||    58
  Use: Scroll            |       |     6 ||     6
 Stab: Sleeping          |     2 |     3 ||     5
  Eat: Chunk             |    11 |     2 ||    13
Armor: Leather armour    |    24 |    55 ||    79
Dodge: Dodged            |    80 |   117 ||   197
